 Dungeon Crawl Stone Soup version 0.26.1-2-gb8aa6d0cf2 (webtiles) character file.

Game seed: 5967264308555052865

163 CryoSword the Skirmisher (level 5, 0/42 HPs)
             Began as a Formicid Abyssal Knight on Feb 16, 2021.
             Was a Believer of Lugonu.
             Slain by Natasha (3 damage)
             ... on level 2 of the Dungeon.
             The game lasted 00:04:33 (3176 turns).

CryoSword the Skirmisher (Formicid Abyssal Knight)  Turns: 3176, Time: 00:04:33

Health: 0/42       AC:  5    Str: 17    XL:     5   Next: 72%
Magic:  7/7        EV: 11    Int: 12    God:    Lugonu [**....]
Gold:   107        SH:  0    Dex: 10    Spells: 4/4 levels left

rFire    . . .     SeeInvis +   a - +1 hand axe
rCold    . . .     Faith    .   (no shield)
rNeg     . . .     Spirit   .   b - +1 leather armour
rPois    .         Reflect  .   (helmet unavailable)
rElec    .         Harm     .   (no cloak)
rCorr    .         Rampage  .   (no gloves)
Will     .....                  h - +0 pair of boots
Stlth    ++........             (no amulet)
HPRegen  0.14/turn              e - ring of teleportation (curse)
MPRegen  0.10/turn              (no ring)

@: no status effects
A: permanent stasis, dig shafts and tunnels, four strong arms, antennae 3
a: Dig, Shaft Self, Renounce Religion, Depart the Abyss, Bend Space


You were on level 2 of the Dungeon.
You worshipped Lugonu.
Lugonu was pleased with you.
You visited 1 branch of the dungeon, and saw 2 of its levels.
You visited the Abyss 1 time.

You collected 107 gold pieces.

Inventory:

Hand Weapons
 a - a +1 hand axe (weapon)
Missiles
 i - 5 boomerangs (quivered)
Armour
 b - a +1 leather armour (worn)
 h - a +0 pair of boots (worn)
   (You found it on level 2 of the Dungeon)
Jewellery
 e - a cursed ring of teleportation (left hand)
   (You found it on level 1 of the Dungeon)
Scrolls
 c - a scroll of noise {unknown}
 f - 2 scrolls of fog
 g - 2 scrolls of fear
Potions
 d - a potion of lignification {unknown}


   Skills:
 + Level 4.1 Fighting
 + Level 2.9 Axes
 - Level 2.1 Armour
 - Level 0.8 Dodging
 * Level 4.0 Stealth
 + Level 3.4 Invocations


You had 4 spell levels left.
You didn't know any spells.
Your spell library was empty.

Dungeon Overview and Level Annotations

Branches:
Dungeon (2/15)

Altars:

Annotations:
D:2 Natasha


Innate Abilities, Weirdness & Mutations

You cannot be hasted, slowed, berserked, paralysed or teleported.
You can dig through walls and to a lower floor.
Your four strong arms can wield two-handed weapons with a shield.
You have a pair of large antennae on your head. (SInv)


Message History

You closely miss the frilled lizard. The frilled lizard closely misses you.
You slash the frilled lizard!
You kill the frilled lizard!
Lugonu accepts your kill.
No target in view!
No target in view!
c - a scroll labelled VUORRUETWIFI
There is a stone staircase leading down here.
A frilled lizard comes into view.
A frilled lizard is nearby!
The frilled lizard barely misses you.
You slash the frilled lizard!
You kill the frilled lizard!
Lugonu accepts your kill.
No target in view!
A worm comes into view.
A worm is nearby!
A worm is nearby!
You hit the worm. The worm bites you!
You hit the worm. You hit the worm. The worm bites you.
You are too injured to fight recklessly!
You are too injured to fight recklessly!
You are too injured to fight recklessly!
You slash the worm!
You kill the worm!
Lugonu accepts your kill.
You see here a worm corpse.
You start resting.
You sense a monster nearby.
You sense a monster nearby.
An adder comes into view.
An adder is nearby!
You barely miss the adder.
The adder bites you but does no damage. x2
You miss the adder. The adder bites you but does no damage.
You barely miss the adder. The adder misses you.
The adder bites you but does no damage.
You hit the adder. The adder bites you.
You hit the adder. The adder barely misses you.
The adder bites you but does no damage.
You hit the adder.
You kill the adder!
Lugonu accepts your kill.
No target in view!
A leopard gecko comes into view.
A leopard gecko is nearby!
The helpless leopard gecko fails to defend itself.
You hit the leopard gecko.
The leopard gecko bites you but does no damage.
You hit the leopard gecko.
You kill the leopard gecko!
Lugonu accepts your kill.
f - 2 scrolls of fog (gained 1)
You now have 107 gold pieces (gained 6).
Found a leather armour.
d - an orange potion
There is a stone staircase leading down here.
An adder comes into view.
A giant cockroach and Natasha come into view.
The adder hisses angrily.
The adder bites you. The adder barely misses you.
A kobold comes into view. It is wielding a +0 whip.
The kobold shouts!
You hit the adder. The adder misses you.
The kobold throws a stone.
The stone closely misses you.
You hit the adder but do no damage. The adder bites you.
The adder bites you but does no damage.
You closely miss the adder. You hit Natasha but do no damage.
Natasha closely misses you. The adder closely misses you.
Natasha casts a spell.
The adder bites you but does no damage.
Natasha hisses.
Unknown command.
You hit the adder. The adder bites you but does no damage.
Natasha mumbles some strange words.
The giant cockroach misses you. The adder closely misses you.
The giant cockroach closely misses you.
You barely miss the adder. You hit the giant cockroach. The adder bites you.
The giant cockroach barely misses you.
Natasha mumbles some strange words.
You barely miss the adder. You hit the giant cockroach.
You kill the giant cockroach!
Lugonu accepts your kill. The adder barely misses you. The adder bites you.
You are poisoned.
The adder poisons you! The kobold misses you.
You hit the adder. You barely miss the kobold.
You feel sick. The adder closely misses you.
The kobold hits you with a +0 whip.
You closely miss the adder. You closely miss the kobold.
The adder barely misses you. The adder bites you but does no damage.
The kobold completely misses you.
You hit the adder.
You kill the adder!
Lugonu accepts your kill.
You closely miss the kobold. The kobold hits you but does no damage.
Your Stealth skill increases to level 4!
You hit the kobold. You miss the crimson imp.
You feel sick.
The crimson imp hits you but does no damage.
The kobold hits you with a +0 whip.
The crimson imp hits you but does no damage.
Your leather armour prevents you from hitting the kobold.
You hit the crimson imp. The kobold hits you but does no damage.
The crimson imp hits you but does no damage.
You closely miss the kobold. You hit the crimson imp.
The kobold closely misses you.
The crimson imp grinds its teeth.
The crimson imp closely misses you.
You slash the kobold!
You kill the kobold!
Lugonu accepts your kill.
You miss the crimson imp. The crimson imp closely misses you.
You feel sick.
You feel sick.
You are no longer poisoned.
The crimson imp disappears in a puff of smoke!
The shadow imp disappears in a puff of smoke!
You barely miss Natasha. Natasha closely misses you.
You hit Natasha. Natasha closely misses you.
You completely miss Natasha.
Natasha casts a spell.
You barely miss Natasha. Natasha claws you.
You completely miss Natasha.
Natasha howls an incantation.
Natasha's front paws start to glow.
Natasha misses you. Natasha barely misses you.
You closely miss Natasha.
Natasha casts a spell.
You barely miss Natasha. You hit the iron imp.
The crimson imp blinks!
Natasha claws you. The iron imp barely misses you.
You miss Natasha. You hit the iron imp. Natasha claws you but does no damage.
You hit Natasha. You hit the iron imp but do no damage.
The iron imp misses you. Natasha claws you.
You closely miss Natasha. You hit the iron imp. Natasha casts a spell at you.
The magic dart hits you.
* * * LOW HITPOINT WARNING * * *
The iron imp closely misses you.
You closely miss Natasha. You hit the iron imp but do no damage.
Natasha misses you. The iron imp hits you.
* * * LOW HITPOINT WARNING * * *
You miss Natasha. You hit the iron imp but do no damage. Natasha claws you.
* * * LOW HITPOINT WARNING * * *
The iron imp hits you!
* * * LOW HITPOINT WARNING * * *
Natasha barely misses you.
You barely miss Natasha. You hit the iron imp. The iron imp hits you.
* * * LOW HITPOINT WARNING * * *
Natasha closely misses you.
You hit Natasha. You closely miss the iron imp. Natasha claws you.
You die...

#..######.## ###...####.
#..# ##..#
#######...###.... ####
##..#####..†....###......
#.........####### #.##...
#.†######## ##.##... #..#
####..##... ####
##....###...
###########..#### ####
###..5h@5.....## ....
##†..########### ####
########.)###
#......(..§# #........h.#
#..........# #..........#
#............
#..........###


You could see an iron imp (summoned), Natasha and a crimson imp (summoned).

Vanquished Creatures
  An orc wizard (D:1)
  Natasha (D:2)
  2 adders (D:2)
  A shadow imp (D:2)
  2 worms (D:2)
  5 leopard geckos
  4 orcs
  3 giant cockroaches
  8 hobgoblins
  7 jackals
  5 kobolds
  8 bats
  8 frilled lizards
  6 goblins
  6 rats
67 creatures vanquished.

Notes
Turn   | Place    | Note
-------+----------+-------------------------------------------
     0 | Abyss:1  | CryoSword the Formicid Abyssal Knight began the quest for
                  | the Orb.
     0 | Abyss:1  | Reached XP level 1. HP: 18/18 MP: 2/2
    74 | Abyss:1  | Found a corrupted altar of Lugonu.
   134 | Abyss:1  | Noticed a small abomination
   145 | Abyss:1  | Noticed a spatial maelstrom
   145 | Abyss:1  | Noticed a spatial vortex
   159 | Abyss:2  | Found a corrupted altar of Lugonu.
   171 | Abyss:2  | Noticed an ice devil
   176 | D:1      | Escaped the Abyss
   556 | D:1      | Reached skill level 1 in Stealth
   556 | D:1      | Reached XP level 2. HP: 22/24 MP: 3/3
   631 | D:1      | Reached * piety under Lugonu
   898 | D:1      | Reached XP level 3. HP: 27/29 MP: 4/4
  1883 | D:2      | Reached XP level 4. HP: 29/37 MP: 6/6
  1984 | D:2      | Noticed Natasha
  2299 | D:1      | Reached ** piety under Lugonu
  2595 | D:2      | Reached XP level 5. HP: 39/42 MP: 7/7
  2702 | D:2      | Killed Natasha
  3138 | D:2      | Noticed Natasha
  3176 | D:2      | Slain by Natasha

Illustrated notes

Levels and vault maps discovered:
D:1:      erik_arrival_orb_chamber, layout_basic, minmay_misc_feat_nine_boxes
D:2:      layout_rooms, uniq_natasha

Skill      XL: |  1  2  3  4  5 |
---------------+----------------+-----
Stealth        | 1 2 3 4 |  4.0
Invocations    | 3 |  3.4
Fighting       | 4 |  4.1
Axes           | |  2.9
Armour         | |  2.1
Dodging        | |  0.8

Action                   |  1- 3 |  4- 6 || total
-------------------------+-------+-------++-------
Melee: Hand axe          |   119 |   122 ||   241
Invok: Depart the Abyss  |     1 |       ||     1
  Use: Scroll            |     5 |     1 ||     6
 Stab: Sleeping          |     2 |     1 ||     3
       Distracted        |       |     1 ||     1
Armor: Leather armour    |    46 |    45 ||    91
Dodge: Dodged            |    77 |    90 ||   167
